 Dungeon Crawl Stone Soup version 0.29.1-2-gbd0b4ee654 (webtiles) character file.

Game seed: 10741289911630569387

65 Descartes the Ducker (level 3, -3/15 HPs)
             Began as a Felid Transmuter on Nov 4, 2022.
             Slain by a worm (8 damage)
             ... on level 2 of the Dungeon.
             The game lasted 00:03:43 (2850 turns).

Descartes the Ducker (Felid Transmuter)             Turns: 2850, Time: 00:03:44

Health: -3/15      AC:  1    Str:  8    XL:     3   Next: 92%
Magic:  6/7        EV: 18    Int: 14    God:
Gold:   124        SH:  0    Dex: 16    Spells: 5/6 levels left
                                        Lives:  0   Deaths: 0

rFire   . . .      SeeInvis +     - Unarmed
rCold   . . .      Faith    .   (shield unavailable)
rNeg    . . .      Spirit   .   (body armour unavailable)
rPois   .          Reflect  .   (helmet unavailable)
rElec   .          Harm     .   (cloak unavailable)
rCorr   .          Rampage  .   (gloves unavailable)
Will    .....                   (boots unavailable)
Stlth   ++........              (no amulet)
HPRegen 0.05/turn               (no ring)
MPRegen 0.10/turn               (no ring)

@: appendages (expiring), quick
A: horns 2, very small, claws 1, fangs 3, see invisible, speed 1, shaggy fur 1,
stealthy paws, no weapons or thrown items, no armour, multi-lived
a: End Transformation


You were on level 2 of the Dungeon.
You had temporarily grown beastly horns.
You visited 1 branch of the dungeon, and saw 2 of its levels.

You collected 124 gold pieces.

Inventory:

Scrolls
 b - a scroll of torment {unknown}
 c - 2 scrolls of teleportation {unknown}
 e - a scroll of identify {unknown}
 g - a scroll of butterflies {unknown}
Potions
 a - a potion of lignification
 d - 2 potions of mutation {unknown}
 f - a potion of flight {unknown}
 h - a potion of attraction {unknown}


   Skills:
 - Level 1.0 Fighting
 + Level 3.6 Dodging
 + Level 2.3 Stealth
 + Level 3.4 Unarmed Combat
 - Level 2.0 Spellcasting
 + Level 3.1 Transmutations


You had 5 spell levels left.
You knew the following spells:

 Your Spells              Type           Power      Damage    Failure   Level
a - Beastly Appendage     Tmut           20%        N/A       7%          1

Your spell library contained the following spells:

 Spells                   Type           Power      Damage    Failure   Level
 Wereblood                Tmut           10%        N/A       10%         2
 Necrotise                Necr           4%         1d4       24%         1
 Spider Form              Tmut/Pois      5%         N/A       36%         3
 Vampiric Draining        Necr           1%         2d6       56%         3
 Ice Form                 Ice/Tmut       5%         N/A       77%         4
 Agony                    Necr           1%         N/A       100%        5


Dungeon Overview and Level Annotations

Branches:
Dungeon (2/15)

Altars:


Innate Abilities, Weirdness & Mutations

You have temporarily grown beastly horns.
You have sharp claws.
You have razor-sharp teeth.
You have supernaturally acute eyesight. (SInv)
You cover ground quickly. (Speed+)
You are covered in fur. (AC +1)
Your paws help you pounce on unaware monsters.
You are incapable of wielding weapons or throwing items.
You cannot wear armour.
You gain extra lives every three experience levels.


Message History

No target in view!
No target in view!
No target in view!
No target in view!
No target in view!
No target in view!
Found a stone staircase leading down.
h - a puce potion Your transformation is almost over.
You now have 124 gold pieces (gained 9).
Your horns disappear.
A worm comes into view.
Found a scale mail.
Found a stone staircase leading down.
Casting: Beastly Appendage (safe; 7% risk of failure)
Confirm with . or Enter, or press ? or * to list all spells.
You grow a pair of large bovine horns.
The goblin shouts!
Your transformation is almost over.
You scratch the worm. You headbutt the worm!
The worm is heavily wounded.
The worm bites you!
Ouch! That really hurt!
You are too injured to fight recklessly!
You are too injured to fight recklessly!
You are too injured to fight recklessly!
You are too injured to fight recklessly!
You are too injured to fight recklessly!
You are too injured to fight recklessly!
You are too injured to fight recklessly!
You are too injured to fight recklessly!
You are too injured to fight recklessly!
You are too injured to fight recklessly!
You are too injured to fight recklessly!
You are too injured to fight recklessly!
You barely miss the worm.
The worm is heavily wounded.
An endoplasm comes into view.
The worm bites you!
Ouch! That really hurt!
You die...

######.######
...#........#
#..........#
###
###........#
#.#
#........#
#.#
#........#
#.#
##..#.####
#w# ##..#.#
#@# #.....#
#.# #.#..##
######.#####
#.#..#
......g.....#
#.#..#
..#....####.#
#.#..#
.....[. #.#
#.#.>#
.#..g..
#.###.#..#
#..J..
#.....#..#
.......
#######


You could see a worm, an endoplasm (wandering) and a goblin.

Vanquished Creatures
  Robin (D:1)
  2 worms
  A dart slug (D:2)
  3 endoplasms (D:1)
  2 giant cockroaches (D:1)
  9 goblins
  10 hobgoblins (D:1)
  A quokka (D:1)
  3 ball pythons (D:1)
  3 bats (D:1)
  A frilled lizard (D:2)
  4 kobolds
  2 rats (D:1)
42 creatures vanquished.

Notes
Turn   | Place    | Note
-------+----------+-------------------------------------------
     0 | D:1      | Descartes the Felid Transmuter began the quest for the Orb.
     0 | D:1      | Reached XP level 1. HP: 9/9 MP: 4/4
   344 | D:1      | Reached skill level 1 in Stealth
   385 | D:1      | Reached XP level 2. HP: 12/12 MP: 3/6
  1081 | D:1      | Found a faded altar of an unknown god.
  1569 | D:2      | Reached XP level 3. HP: 10/15 MP: 5/7
  1573 | D:2      | Noticed Robin
  2471 | D:1      | Killed Robin
  2850 | D:2      | Slain by a worm

Illustrated notes

Levels and vault maps discovered:
D:1:      lightli_arrival_statue_moat, layout_basic,
          ebering_ecumenical_altar_mist
D:2:      minmay_wonky_spiral, layout_rooms, uniq_robin

Skill      XL: |  1  2  3 |
---------------+----------+-----
Stealth        | 1 2 |  2.3
Dodging        | 3 |  3.6
Transmutations | 3 |  3.1
Fighting       | |  1.0
Unarmed Combat | |  3.4
Spellcasting   | |  2.0

Action                   || total
-------------------------++-------
Melee: Unarmed           ||    99
       Headbutt          ||    13
       Bite              ||    13
       Punch             ||     3
 Cast: Beastly Appendage ||    37
 Stab: Sleeping          ||     1
Armor: Skin              ||     8
Dodge: Dodged            ||    88
